Map: Ulrena

Players

AcerBly (Bly) - Winner!

  • Race: Zerg Zerg
  • League: Grandmaster

LiquidMaNa (MaNa)

  • Race: Protoss Protoss
  • League: Grandmaster

Event: Gauntlet Monday Night

VOD

Have the link to the VOD?

Description

Time

  • Played on: Jan. 4, 2016, 1:09 p.m.
  • Length: 14:53

All games in this series

Show
View Real Time Build Order
Export as new Build Order

AcerBly Zerg - Winner!

Build Orders: Hatch First, Lurkers 

Get SALT Encoding   

  12  0:01  Drone  
  13  0:12  Overlord  
  13  0:17  Drone  
  14  0:30  Drone x2  
  14  0:35  Drone  
  17  0:56  Hatchery  
  16  1:05  Spawning Pool  
  16  1:08  Drone  
  16  1:12  Drone  
  16  1:18  Drone  
  18  1:19  Drone  
  19  1:45  Hatchery  
  18  1:52  Zergling x6  
  21  2:05  Drone  
  21  2:07  Queen  
  25  2:08  Zergling x2  
  25  2:18  Queen  
  25  2:22  Overlord  
  27  2:25  Drone  
  28  2:37  Overlord  
  28  2:42  Drone x2  
  28  2:43  Drone  
  31  2:49  Queen  
  32  2:55  Drone x2  
  32  3:01  Queen  
  34  3:05  Extractor  
  34  3:06  Extractor  
  34  3:11  Drone x4  
  36  3:17  Zergling x4  
  38  3:20  Zergling x2  
  38  3:24  Zergling x4  
  40  3:33  Drone x3  
  40  3:40  Drone  
  40  3:46  Drone x2  
  40  3:48  Drone  
  42  3:53  Drone  
  42  3:56  Drone  
  42  3:59  Drone  
  43  4:03  Drone x2  
  43  4:08  Drone x2  
  47  4:14  Lair  
  47  4:19  Drone x3  
  47  4:24  Overlord  
  50  4:30  Overlord  
  50  4:32  Metabolic Boost  
  50  4:42  Overlord  
  50  4:43  Drone x4  
  50  4:44  Drone  
  55  4:48  Zergling x6  
  55  4:50  Zergling x2  
  59  5:01  Zergling x2  
  59  5:02  Zergling x2  
  56  5:07  Drone x3  
  56  5:08  Drone x4  
  56  5:12  Drone  
  56  5:13  Drone x4  
  65  5:19  Drone x3  
  68  5:22  Extractor  
  68  5:23  Hydralisk Den  
  68  5:25  Drone, Extractor  
  68  5:27  Drone  
  67  5:47  Drone x5  
  70  5:55  Lurker Den  
  70  6:01  Hydralisk x2  
  70  6:02  Overlord  
  70  6:03  Overlord x3  
  72  6:11  Spore Crawler  
  72  6:12  Drone x3  
  72  6:16  Overlord  
  74  6:23  Hydralisk x6  
  86  6:36  Hydralisk  
  86  6:37  Hydralisk x2  
  92  6:40  Drone x7  
  92  6:41  Extractor x2  
  97  6:47  Overlord  
  95  7:11  Overseer  
  95  7:15  Drone x5  
  100  7:19  Spore Crawler  
  99  7:25  Zergling x22  
  99  7:27  Hatchery, Overlord  
  109  7:41  Spore Crawler  
  106  7:48  Lurker x9  
  116  7:57  Zergling x2  
  116  7:58  Zergling x26  
  130  7:59  Overlord  
  129  8:10  Overlord x2  
  129  8:25  Hydralisk x4  
  137  8:30  Overlord x3, Spire  
  129  9:05  Drone x6  
  129  9:06  Drone x13  
  148  9:10  Overlord  
  148  9:11  Hydralisk x6  
  148  9:12  Hydralisk  
  161  9:17  Extractor  
  161  9:18  Infestation Pit  
  161  9:24  Extractor  
  158  9:30  Hatchery  
  150  9:45  Zerg Flyer Weapons Level 1  
  149  9:47  Drone x3  
  149  9:50  Spore Crawler  
  151  9:55  Mutalisk  
  151  9:56  Mutalisk x11  
  151  9:58  Overlord  
  151  9:59  Overlord x3  
  175  10:00  Extractor x2  
  175  10:03  Evolution Chamber  
  175  10:04  Overlord  
  172  10:10  Spore Crawler  
  172  10:11  Spore Crawler  
  163  10:31  Mutalisk x7  
  171  10:38  Drone x11  
  182  10:49  Spore Crawler x2  
  175  10:50  Spore Crawler  
  175  10:51  Hatchery, Spore Crawler, Zergling x2  
  175  10:52  Spore Crawler  
  175  10:53  Spore Crawler  
  163  10:57  Mutalisk x4  
  160  11:11  Mutalisk x5  
  153  11:20  Mutalisk  
  153  11:26  Zergling x2  
  153  11:27  Zergling x20  
  161  11:39  Mutalisk x3  
  163  11:57  Mutalisk x3  
  167  12:01  Zergling x2  
  167  12:02  Zergling x16  
  160  12:18  Mutalisk x4  
  162  12:39  Drone x3  
  162  12:41  Hatchery  
  159  12:45  Hive  
  159  12:58  Mutalisk x5  
  167  13:11  Extractor x2  
  163  13:15  Hatchery  
  155  13:31  Mutalisk x3  
  155  13:32  Mutalisk x2  
  155  13:33  Zergling x2  
  155  13:34  Zergling x16  
  152  14:01  Viper x2  
  146  14:28  Mutalisk  
  146  14:29  Mutalisk x6  
  146  14:31  Zergling x24  
Show
View Real Time Build Order
Export as new Build Order

LiquidMaNa Protoss 

Build Orders: 1 Gate Expand 

Get SALT Encoding   

  12  0:00  Probe (Chrono Boost)  
  13  0:11  Probe (Chrono Boost)  
  14  0:18  Pylon  
  14  0:22  Probe (Chrono Boost)  
  15  0:36  Probe (Chrono Boost)  
  15  0:41  Gateway  
  16  0:46  Probe (Chrono Boost)  
  17  1:13  Nexus  
  17  1:16  Probe (Chrono Boost)  
  18  1:22  Assimilator  
  18  1:26  Probe (Chrono Boost)  
  19  1:35  Cybernetics Core  
  19  1:38  Probe (Chrono Boost)  
  20  1:44  Assimilator  
  20  1:49  Probe (Chrono Boost)  
  21  1:54  Pylon  
  21  1:59  Probe (Chrono Boost)  
  22  2:13  Probe, Adept (Chrono Boost)  
  25  2:25  Probe, Pylon  
  27  2:30  Mothership Core  
  27  2:36  Adept (Chrono Boost)  
  30  2:38  Probe  
  30  2:45  Gateway  
  30  2:50  Probe  
  31  2:52  Probe  
  31  2:59  Warp Gate (Chrono Boost)  
  31  3:03  Probe (Chrono Boost), Adept (Chrono Boost)  
  31  3:04  Probe (Chrono Boost)  
  35  3:14  Probe (Chrono Boost)  
  35  3:15  Probe (Chrono Boost)  
  35  3:17  Pylon  
  37  3:24  Probe (Chrono Boost)  
  37  3:25  Probe (Chrono Boost)  
  39  3:35  Probe (Chrono Boost)  
  39  3:36  Probe (Chrono Boost)  
  41  3:42  Stalker (Chrono Boost)  
  41  3:43  Stalker (Chrono Boost)  
  41  3:45  Probe (Chrono Boost)  
  41  3:46  Probe (Chrono Boost)  
  43  3:56  Robotics Facility  
  43  3:59  Probe x2 (Chrono Boost)  
  45  4:11  Probe, Pylon  
  45  4:12  Probe, Adept x2 (Chrono Boost)  
  51  4:24  Probe x2  
  53  4:26  Forge  
  53  4:30  Pylon  
  53  4:32  Assimilator  
  53  4:34  Probe  
  53  4:36  Probe  
  55  4:42  Warp Prism (Chrono Boost)  
  55  4:45  Probe  
  57  4:48  Probe  
  57  4:50  Twilight Council  
  59  4:55  Probe  
  60  5:00  Probe  
  61  5:08  Adept x2  
  61  5:09  Protoss Ground Weapons Level 1 (Chrono Boost)  
  59  5:18  Nexus  
  59  5:20  Probe  
  57  5:21  Probe  
  57  5:23  Immortal (Chrono Boost)  
  57  5:27  Assimilator  
  63  5:30  Sentry  
  63  5:31  Sentry  
  63  5:32  Pylon  
  66  5:42  Probe  
  67  5:45  Pylon  
  67  5:53  Probe  
  67  5:54  Probe, Stargate  
  67  5:56  Stargate  
  69  6:03  Immortal (Chrono Boost), Probe  
  73  6:06  Probe  
  75  6:12  Charge (Chrono Boost)  
  75  6:18  Probe, Pylon  
  75  6:19  Probe  
  75  6:22  Gateway, Robotics Bay  
  77  6:27  Gateway x2  
  77  6:30  Adept  
  77  6:31  Adept  
  81  6:37  Observer  
  82  6:51  Gateway  
  82  6:53  Gateway  
  82  6:59  Stargate  
  80  7:05  Zealot x2  
  80  7:06  Probe x2  
  86  7:09  Assimilator  
  86  7:10  Probe, Assimilator  
  87  7:17  Immortal  
  87  7:18  Probe x2, Protoss Ground Weapons Level 2 (Chrono Boost)  
  87  7:21  Probe  
  93  7:27  Zealot x2  
  98  7:30  Pylon  
  98  7:32  Pylon  
  98  7:35  Probe x2  
  100  7:48  Phoenix  
  100  7:51  Pylon  
  102  7:52  Zealot x2  
  104  7:59  Resonating Glaives  
  104  8:01  Zealot x5  
  114  8:05  Photon Cannon  
  114  8:08  Templar Archives  
  114  8:14  Immortal (Chrono Boost)  
  112  8:29  Zealot x6  
  124  8:38  Pylon  
  124  8:40  Pylon  
  124  8:43  Pylon  
  124  8:50  Observer (Chrono Boost)  
  124  8:51  Psionic Storm  
  125  8:59  High Templar x5  
  125  9:00  High Templar  
  137  9:07  Immortal  
  139  9:17  Probe  
  139  9:18  Probe  
  139  9:19  Probe  
  139  9:21  Pylon  
  142  9:24  Phoenix  
  131  9:39  Zealot x3, High Templar x2  
  131  9:40  Zealot x2  
  131  9:42  Protoss Ground Armor Level 1  
  131  9:44  Pylon  
  143  9:46  Immortal, Archon  
  147  9:58  Gateway  
  147  10:00  Gateway  
  147  10:02  Gateway  
  147  10:11  Nexus, Zealot  
  147  10:14  Pylon  
  147  10:17  Zealot x2  
  147  10:20  Zealot  
  153  10:21  Zealot  
  155  10:32  Phoenix  
  155  10:35  Fleet Beacon  
  157  10:37  Stargate  
  147  11:00  Stalker x2  
  147  11:01  Stalker x4  
  147  11:02  Stalker  
  157  11:05  Phoenix  
  141  11:27  Phoenix  
  130  11:38  Stalker x5  
  133  11:40  Stalker  
  132  11:50  Fleet Beacon  
  111  12:07  Phoenix  
  93  12:27  Probe x3, Phoenix  
  93  12:29  Pylon, Phoenix  
  98  12:42  Probe x2  
  98  12:43  Probe  
  98  12:44  Pylon  
  93  12:54  Probe, Phoenix  
  95  13:10  Observer Gravitic Boosters  
  93  13:15  Pylon  
  88  13:23  Phoenix  
  79  13:40  Graviton Catapult (Chrono Boost)  
  74  13:41  Pylon  
  73  13:48  Phoenix  
  73  13:50  Probe x3  
  78  14:02  Probe  
  79  14:04  Phoenix  
  81  14:16  Archon  
  78  14:18  Probe x3  
  78  14:23  Phoenix  
  78  14:30  Probe  
Tags
 
Add a new tag
Caveats
  • Supply blocks, unpowered buildings, or Contaminate may cause inaccurate times.
  • Supply counts are checked every 10 seconds.